 Dungeon Crawl Stone Soup version 0.30-a0-748-ge6a52f7cba (webtiles) character file.

Game seed: 3573393206240185339

57 zero the Digger (level 4, -6/26 HPs)
             Began as a Gargoyle Earth Elementalist on Feb 8, 2023.
             Mangled by Terence
             ... wielding a +0 trident
              (7 damage)
             ... on level 2 of the Dungeon.
             The game lasted 00:01:39 (1763 turns).

zero the Digger (Gargoyle Earth Elementalist)       Turns: 1763, Time: 00:01:40

Health: -6/26      AC:  7    Str: 11    XL:     4   Next: 0%
Magic:  0/9        EV: 11    Int: 18    God:
Gold:   104        SH:  0    Dex: 10    Spells: 5/9 levels left

rFire   . . .      SeeInvis .    d - +0 dagger
rCold   . . .      Faith    .    (no shield)
rNeg    + . .      Spirit   .    a - +0 robe
rPois   ∞          Reflect  .    (no helmet)
rElec   +          Harm     .    (no cloak)
rCorr   .          Rampage  .    g - +1 pair of gloves
Will    .....                    (no boots)
Stlth   ++                       (no amulet)
HPRegen 0.24/turn                (no ring)
MPRegen 0.11/turn                (no ring)

@: very slightly contaminated
A: sickness immunity, AC +3, negative energy resistance 1, electricity
resistance, torment resistance 1, petrification resistance
a: no special abilities


You were on level 2 of the Dungeon.
You visited 1 branch of the dungeon, and saw 2 of its levels.

You collected 104 gold pieces.

Inventory:

Hand Weapons
 d - a +0 dagger (weapon)
Armour
 a - a +0 robe (worn)
 g - a +1 pair of gloves (worn)
Jewellery
 k - a ring of fire
Scrolls
 h - a scroll of brand weapon {unknown}
 i - a scroll of fear {unknown}
Potions
 b - a potion of magic
 c - 4 potions of brilliance {unknown}
 e - 2 potions of flight {unknown}
 f - a potion of resistance {unknown}
 j - a potion of might {unknown}


   Skills:
 - Level 2.0 Fighting
 - Level 1.5 Dodging
 - Level 2.1 Stealth
 * Level 3.3 Spellcasting
 + Level 0.0 Conjurations
 - Level 0.7 Transmutations
 + Level 3.6 Earth Magic


You had 5 spell levels left.
You knew the following spells:

 Your Spells              Type           Power      Damage    Failure   Level
a - Sandblast             Erth           32%        2d9       3%          1
b - Stone Arrow           Conj/Erth      18%        3d8       22%         3

Your spell library contained the following spells:

 Spells                   Type           Power      Damage    Failure   Level
 Passwall                 Tmut/Erth      8%         N/A       10%         2
 Petrify                  Tmut/Erth      10%        N/A       54%         4


Dungeon Overview and Level Annotations

Branches:
Dungeon (2/15)

Altars:

Annotations:
D:2 Terence


Innate Abilities, Weirdness & Mutations

You are immune to sickness and miasma.
Your stone body is resilient. (AC +3)
You are immune to poison.
You resist negative energy. (rN+)
You are resistant to electric shocks. (rElec)
You are resistant to unholy torment.
You are immune to petrification.


Message History

The stone arrow hits Terence!
Terence is moderately wounded.
Casting: Stone Arrow (extremely dangerous; 22% risk of failure)
Confirm with . or Enter, or press ? or * to list all spells.
Aiming: Stone Arrow (extremely dangerous; 22% risk of failure)
Press: ? - help, Shift-Dir - straight line, f/p - Terence
Aim: Terence, wielding a +0 trident and wearing a +1 chain mail of fire resistance (moderately wounded, berserk, 74% to hit)
The stone arrow hits Terence.
Terence is moderately wounded.
Terence hits you from afar with a +0 trident.
Terence hits you from afar with a +0 trident!
Casting: Stone Arrow (extremely dangerous; 22% risk of failure)
Confirm with . or Enter, or press ? or * to list all spells.
You don't have enough magic to cast this spell.
Unknown command.
Casting: Stone Arrow (extremely dangerous; 22% risk of failure)
Confirm with . or Enter, or press ? or * to list all spells.
You don't know that spell.
Okay, then.
Casting: Stone Arrow (extremely dangerous; 22% risk of failure)
Confirm with . or Enter, or press ? or * to list all spells.
Aiming: Sandblast (safe; 3% risk of failure)
Press: ? - help, Shift-Dir - straight line, f/p - Terence
Aim: Terence, wielding a +0 trident and wearing a +1 chain mail of fire resistance (moderately wounded, berserk, 87% to hit)
The blast of sand hits Terence but does no damage.
Terence is moderately wounded.
Terence hits you from afar with a +0 trident.
Terence closely misses you.
Casting: Sandblast (safe; 3% risk of failure)
Confirm with . or Enter, or press ? or * to list all spells.
Aiming: Sandblast (safe; 3% risk of failure)
Press: ? - help, Shift-Dir - straight line, f/p - Terence
Aim: Terence, wielding a +0 trident and wearing a +1 chain mail of fire resistance (moderately wounded, berserk, 87% to hit)
You miscast Sandblast.
You are very lightly contaminated with residual magic.
Nothing appears to happen.
Terence hits you from afar with a +0 trident!
* * * LOW HITPOINT WARNING * * *
Terence hits you from afar with a +0 trident!
You die...

#.....#.....# #####.....#.....#
#.........#.....#
################.........#.....#
...#>............##.........'......
...#.##.#........)..........#######
...#.##.#..........@....########...
...#.##.+.................†....'...
...#.####.>......@......########...
...#.# #...............".######...
...#.# #....####....####......+...
...'.# #....# #....# ##..####...
...### #....# #....# ####.## #...
...# ###### ##...# #.....#####.
...# ##.## #.......#### #### #.
#....##@.## # ## #....###..##


You could see Terence (berserk).

Vanquished Creatures
  An adder (D:2)
  2 dart slugs
  4 bats (D:1)
  An endoplasm (D:2)
  5 goblins (D:1)
  3 hobgoblins
  7 jackals (D:2)
  4 quokkas
  3 ball pythons
  5 frilled lizards
  3 kobolds
  4 rats
42 creatures vanquished.

Notes
Turn   | Place    | Note
-------+----------+-------------------------------------------
     0 | D:1      | zero the Gargoyle Earth Elementalist began the quest for
                  | the Orb.
     0 | D:1      | Reached XP level 1. HP: 10/10 MP: 3/3
   182 | D:1      | Reached skill level 1 in Fighting
   279 | D:1      | Reached XP level 2. HP: 17/17 MP: 1/5
   579 | D:1      | Reached XP level 3. HP: 20/21 MP: 0/6
   583 | D:1      | Learned a level 3 spell: Stone Arrow
  1018 | D:2      | Noticed Terence
  1683 | D:2      | Reached XP level 4. HP: 26/26 MP: 7/9
  1763 | D:2      | HP: 1/26 [Terence/+0 trident (9)]
  1763 | D:2      | Mangled by Terence

Illustrated notes

Levels and vault maps discovered:
D:1:      lemuel_arrival_lava_pool, layout_basic
D:2:      layout_basic, uniq_terence, uniq_crazy_yiuf_cottage

Skill      XL: |  1  2  3 |
---------------+----------+-----
Fighting       | 1 2 |  2.0
Spellcasting   | 3 |  3.3
Dodging        | |  1.5
Stealth        | |  2.1
Transmutations | |  0.7
Earth Magic    | |  3.6

Action                     |  1- 3 |  4- 6 || total
---------------------------+-------+-------++-------
  Melee: Unarmed           |     7 |       ||     7
         Dagger            |    21 |       ||    21
   Cast: Sandblast         |    52 |     2 ||    54
         Stone Arrow       |       |     2 ||     2
 Armour: Robe              |    27 |       ||    27
  Dodge: Dodged            |    32 |     1 ||    33

Table legend: (Time is in decaauts)
 A = Elapsed time spent in this place.
 B = Non-inter-level travel time spent in this place.
 C = Inter-level travel time spent in this place.
 D = Time resting spent in this place.
 E = Time spent auto-exploring this place.
 F = Levels seen in this place.
 G = Mean time per level.
                   A        B        C        D        E       F      G
               +--------+--------+--------+--------+--------+-----+--------+
         Total |   1789 |   1718 |     71 |     49 |   1388 |   2 |  894.5 |
       Dungeon |   1789 |   1718 |     71 |     49 |   1388 |   2 |  894.5 |
               +--------+--------+--------+--------+--------+-----+--------+

Top non-repeatable levels by time:
     D:1: 1020 daAuts
     D:2: 769 daAuts
